 Dungeon Crawl Stone Soup version 0.27.1-1-g398f81649c (webtiles) character file.

Game seed: 17880818295207909888

4 Waffleater7 the Firebug (level 1, -2/13 HPs)
             Began as a Human Fire Elementalist on Sept 16, 2021.
             Slain by a kobold (3 damage)
             ... on level 1 of the Dungeon.
             The game lasted 00:02:25 (221 turns).

Waffleater7 the Firebug (Human Fire Elementalist)    Turns: 221, Time: 00:02:25

Health: -2/13      AC:  2    Str:  8    XL:     1   Next: 66%
Magic:  2/3        EV: 12    Int: 15    God:
Gold:   10         SH:  0    Dex: 13    Spells: 3/4 levels left

rFire    . . .     SeeInvis .   c - +0 hunting sling
rCold    . . .     Faith    .   (no shield)
rNeg     . . .     Spirit   .   a - +0 robe
rPois    .         Reflect  .   (no helmet)
rElec    .         Harm     .   (no cloak)
rCorr    .         Rampage  .   (no gloves)
Will     .....                  (no boots)
Stlth    ++........             (no amulet)
HPRegen  0.04/turn              (no ring)
MPRegen  0.08/turn              (no ring)

@: no status effects
A: no striking features
a: no special abilities


You were on level 1 of the Dungeon.
You visited 1 branch of the dungeon, and saw 1 of its levels.

You collected 10 gold pieces.

Inventory:

Hand Weapons
 c - a +0 hunting sling (weapon)
Armour
 a - a +0 robe (worn)
 b - a +0 ring mail


   Skills:
 + Level 2.0 Dodging
 + Level 2.0 Stealth
 + Level 2.1 Spellcasting
 + Level 1.1 Conjurations
 + Level 3.1 Fire Magic


You had 3 spell levels left.
You knew the following spells:

 Your Spells              Type           Power      Damage    Failure   Level
a - Foxfire               Conj/Fire      28%        2x1d5     10%         1

Your spell library contained the following spells:

 Spells                   Type           Power      Damage    Failure   Level
 Conjure Flame            Conj/Fire      7%         6-21      28%         3
 Inner Flame              Hex/Fire       6%         N/A       34%         3
 Sticky Flame             Conj/Fire      7%         2d3       67%         4
 Fireball                 Conj/Fire      3%         3d4       95%         5


Dungeon Overview and Level Annotations

Branches:
Dungeon (1/15)

Altars:


Message History

Casting: Foxfire (safe; 10% risk of failure)
Confirm with . or Enter, or press ? or * to list all spells.
You don't have enough magic to cast this spell.
Casting: Foxfire (safe; 10% risk of failure)
Confirm with . or Enter, or press ? or * to list all spells.
You conjure some foxfire!
The kobold hits you with a +0 short sword.
Your foxfire dissipates!
Really attack while wielding your +0 hunting sling? [Y]es or [N]o only, please.
Really attack while wielding your +0 hunting sling? [Y]es or [N]o only, please.
Really attack while wielding your +0 hunting sling?
Okay, then.
Casting: Foxfire (safe; 10% risk of failure)
Confirm with . or Enter, or press ? or * to list all spells.
Okay, then.
You're too inexperienced to learn that spell!
Really attack while wielding your +0 hunting sling? [Y]es or [N]o only, please.
Really attack while wielding your +0 hunting sling? [Y]es or [N]o only, please.
Really attack while wielding your +0 hunting sling? [Y]es or [N]o only, please.
Really attack while wielding your +0 hunting sling? [Y]es or [N]o only, please.
Really attack while wielding your +0 hunting sling?
You closely miss the kobold. The kobold closely misses you.
You clumsily bash the kobold but do no damage.
The kobold hits you with a +0 short sword.
The kobold barely misses you.
You clumsily bash the kobold but do no damage.
The kobold barely misses you.
You clumsily bash the kobold but do no damage.
The kobold hits you with a +0 short sword. x2
* * * LOW HITPOINT WARNING * * *
You closely miss the kobold. The kobold hits you but does no damage.
You miss the kobold. The kobold barely misses you.
The kobold hits you with a +0 short sword.
You die...

#.....####.# #.....# #.#
###...### #.# #######
#.....# #.# #...†..
#.>...# #.# #.###..
#.....######.#####.##...
###...#.......>.........
#.<.###############...
#...#@KJ.......# ##..
##############.# #.. #.#
#.. #.# #.. ####.#####..
#.......##..
#.##.##.##..
#####.##.##.##..
................


You could see an endoplasm and a kobold.

Vanquished Creatures
  2 ball pythons (D:1)
  A hobgoblin (D:1)
  A kobold (D:1)
4 creatures vanquished.

Vanquished Creatures (others)
  8 foxfires (D:1)
8 creatures vanquished.

Grand Total: 12 creatures vanquished

Notes
Turn   | Place    | Note
-------+----------+-------------------------------------------
     0 | D:1      | Waffleater7 the Human Fire Elementalist began the quest for
                  | the Orb.
     0 | D:1      | Reached XP level 1. HP: 13/13 MP: 3/3
   221 | D:1      | Slain by a kobold

Illustrated notes

Levels and vault maps discovered:
D:1:      amcnicky_arrival_blooded_trapdoor, layout_loops_ring

Action                   || total
-------------------------++-------
Melee: Hunting sling     ||     6
 Cast: Foxfire           ||     8
Armor: Robe              ||     1
Dodge: Dodged            ||     8
